Map: Tokamak LE

Players

jeannysu - Winner!

  • Race: Protoss Protoss
  • Spawn Location: 7:00

인공지능 칸 (정예)

  • Race: Protoss Protoss
  • Spawn Location: 1:00

VOD

Have the link to the VOD?

Description

Time

  • Played on: Sept. 26, 2025, 10:30 a.m.
  • Length: 11:23
Show
View Real Time Build Order
Export as new Build Order

jeannysu Protoss - Winner!

Build Orders: Double Forge, Oracle Opening 

Get SALT Encoding   

  12  0:00  Probe  
  13  0:16  Pylon  
  13  0:18  Probe  
  14  0:30  Probe  
  15  0:40  Probe  
  15  0:41  Gateway, Assimilator  
  15  0:48  Probe  
  17  1:00  Probe  
  18  1:13  Probe  
  19  1:25  Probe  
  20  1:37  Probe  
  21  1:45  Nexus  
  21  1:58  Cybernetics Core  
  21  2:06  Pylon, Probe  
  22  2:09  Assimilator  
  22  2:18  Probe  
  22  2:25  Adept  
  22  2:30  Probe  
  25  2:38  Warp Gate  
  25  2:45  Stargate  
  25  2:50  Probe  
  26  2:54  Probe  
  26  2:58  Assimilator  
  27  3:02  Probe x2  
  28  3:10  Shield Battery  
  28  3:11  Probe  
  29  3:13  Probe  
  31  3:20  Probe  
  31  3:21  Probe  
  33  3:28  Probe  
  33  3:29  Probe  
  35  3:37  Probe  
  35  3:40  Probe  
  37  3:50  Probe  
  37  3:52  Probe  
  39  3:57  Oracle  
  39  4:02  Pylon, Probe  
  43  4:04  Probe  
  43  4:07  Pylon  
  44  4:12  Assimilator  
  44  4:14  Probe  
  44  4:17  Probe  
  46  4:20  Twilight Council  
  46  4:26  Probe  
  46  4:29  Probe  
  48  4:34  Forge  
  48  4:36  Forge  
  48  4:38  Probe  
  49  4:41  Probe  
  49  4:44  Pylon  
  50  4:48  Gateway  
  50  4:50  Probe  
  50  4:51  Gateway  
  51  4:58  Gateway  
  51  4:59  Gateway x2  
  51  5:14  Oracle  
  54  5:29  Nexus  
  54  5:31  Sentry  
  56  5:36  Pylon  
  56  5:39  Blink  
  56  5:47  Protoss Ground Armor Level 1, Protoss Ground Weapons Level 1  
  56  5:54  Shield Battery  
  56  5:55  Photon Cannon  
  56  5:56  Photon Cannon  
  56  6:02  Pylon  
  56  6:03  Assimilator  
  56  6:07  Assimilator  
  56  6:29  Stalker x3  
  56  6:30  Stalker x3  
  68  6:36  Pylon  
  68  6:37  Pylon  
  68  6:41  Templar Archives  
  68  6:44  Gateway  
  68  6:46  Gateway  
  68  6:48  Gateway  
  68  6:50  Gateway  
  68  6:52  Gateway  
  68  6:55  Stalker  
  68  6:56  Stalker  
  72  7:02  Probe  
  72  7:03  Probe  
  72  7:06  Probe  
  75  7:14  Probe  
  75  7:15  Probe  
  77  7:18  Probe  
  78  7:23  Psionic Storm  
  78  7:26  Probe  
  78  7:29  Stalker x3  
  85  7:30  Stalker x2  
  86  7:48  Pylon  
  86  7:51  Probe  
  87  7:52  Probe x2  
  89  7:59  Probe  
  89  8:00  Probe  
  89  8:04  Probe  
  89  8:05  Stalker  
  94  8:06  Stalker  
  94  8:07  Probe  
  94  8:08  Probe  
  94  8:10  Charge  
  94  8:12  Protoss Ground Weapons Level 2  
  98  8:16  Probe  
  98  8:17  Probe  
  98  8:18  Probe  
  100  8:23  High Templar x2  
  100  8:24  High Templar x5  
  115  8:28  Probe  
  115  8:29  Probe  
  115  8:30  Probe  
  117  8:40  Probe  
  118  8:57  Nexus  
  118  8:58  Stalker x3  
  124  9:05  Pylon  
  124  9:07  Pylon  
  124  9:10  Pylon  
  124  9:12  Pylon  
  124  9:14  Pylon  
  116  9:31  Archon x2  
  114  9:33  Zealot x2  
  114  9:34  Zealot x9  
  133  9:49  Pylon  
  133  10:04  Zealot x3  
  133  10:05  Zealot x8  
  153  10:22  Pylon  
  153  10:31  Probe  
  153  10:32  Probe x3  
  157  10:36  Stalker x7  
  171  10:43  Probe  
  171  10:44  Probe x3  
  175  10:56  Probe x4  
  179  11:08  Probe x4  
Show
View Real Time Build Order
Export as new Build Order

인공지능 칸 (정예) Protoss 

Build Orders: Zealot Archon 

Get SALT Encoding   

  12  0:00  Probe  
  13  0:13  Probe  
  14  0:19  Pylon  
  14  0:25  Probe  
  15  0:34  Probe  
  15  0:42  Probe  
  16  0:48  Assimilator  
  17  0:50  Gateway  
  17  0:52  Probe  
  18  1:00  Pylon, Probe  
  19  1:08  Probe  
  19  1:18  Probe  
  21  1:39  Probe, Zealot  
  24  1:40  Gateway  
  24  1:41  Cybernetics Core  
  24  1:51  Pylon, Probe  
  25  2:01  Probe  
  25  2:06  Zealot  
  28  2:09  Probe  
  28  2:14  Assimilator  
  29  2:18  Probe  
  29  2:19  Warp Gate  
  30  2:26  Adept  
  32  2:31  Probe  
  32  2:33  Adept  
  35  2:39  Pylon  
  35  2:43  Probe  
  36  2:55  Probe  
  36  2:56  Adept  
  36  2:57  Sentry  
  40  3:07  Probe  
  41  3:19  Probe  
  42  3:22  Nexus  
  42  3:25  Stalker  
  44  3:39  Forge  
  43  3:57  Probe  
  44  4:07  Probe  
  45  4:12  Robotics Facility, Photon Cannon  
  45  4:14  Photon Cannon  
  45  4:15  Probe  
  45  4:23  Probe  
  46  4:28  Pylon  
  46  4:30  Probe  
  47  4:33  Adept  
  47  4:35  Probe  
  47  4:38  Probe  
  51  4:39  Adept  
  54  4:48  Probe x2  
  56  4:59  Immortal  
  60  5:00  Probe x2  
  60  5:04  Stalker  
  64  5:12  Probe x2  
  64  5:13  Pylon  
  60  5:24  Probe x2  
  60  5:25  Twilight Council  
  62  5:32  Probe  
  62  5:36  Probe  
  62  5:41  Probe, Stalker  
  67  5:52  Pylon  
  67  5:53  Probe  
  67  5:54  Probe  
  69  5:57  Stalker  
  71  6:04  Gateway  
  71  6:05  Probe  
  71  6:06  Probe, Templar Archives  
  71  6:10  Stalker  
  75  6:15  Pylon, Probe  
  75  6:17  Probe  
  72  6:23  Probe  
  72  6:24  Stalker  
  64  6:29  Probe  
  64  6:31  Probe  
  66  6:33  Stalker  
  66  6:39  Probe  
  69  6:41  Probe  
  71  6:47  Stalker  
  71  6:51  Probe  
  71  6:53  Probe  
  74  6:56  Zealot  
  74  6:58  Sentry  
  74  7:00  Pylon  
  79  7:03  Probe  
  79  7:06  Probe  
  79  7:08  Observer  
  81  7:10  High Templar  
  81  7:12  Assimilator  
  81  7:15  Probe  
  85  7:16  High Templar  
  85  7:17  Protoss Ground Weapons Level 1, Assimilator  
  87  7:23  Forge  
  87  7:27  Probe  
  87  7:28  Probe  
  74  7:39  Probe  
  74  7:40  Probe  
  74  7:41  Archon  
  74  7:42  Nexus  
  76  7:51  Probe, High Templar  
  76  7:57  Probe  
  80  8:03  Probe  
  80  8:04  High Templar  
  83  8:09  Probe  
  84  8:13  Psionic Storm  
  84  8:15  Probe  
  84  8:19  Probe  
  85  8:25  Archon  
  86  8:27  Probe  
  86  8:28  Probe  
  88  8:36  Probe  
  88  8:37  Pylon, High Templar  
  88  8:40  Probe  
  92  8:48  Probe  
  93  8:51  High Templar  
  93  8:52  Probe  
  93  8:54  Probe  
  97  9:00  Protoss Ground Armor Level 1, Probe  
  97  9:02  Archon  
  98  9:04  Probe  
  98  9:05  Stalker  
  98  9:06  Probe  
  98  9:08  Zealot  
  104  9:12  Probe  
  104  9:16  Probe  
  92  9:18  Probe  
  92  9:24  Probe, Adept  
  75  9:27  Adept  
  75  9:28  Probe  
  75  9:29  Zealot  
  75  9:30  Probe  
  74  9:36  Probe  
  73  9:40  Probe  
  73  9:43  Probe, Zealot  
  73  9:44  Stalker  
  79  9:47  High Templar  
  79  9:48  Probe  
  79  9:52  Probe  
  79  9:55  Probe  
  79  9:57  Sentry  
  76  10:00  Probe  
  76  10:04  Probe  
  76  10:07  Stalker  
  70  10:12  High Templar  
  69  10:17  Probe  
  69  10:19  High Templar  
  57  10:30  Probe, Adept  
  57  10:34  Archon  
  60  10:38  Probe x2  
  60  10:42  Adept  
  63  10:48  Probe  
  50  10:50  Zealot  
  50  10:52  Zealot  
  36  11:00  Probe  
  36  11:02  Sentry  
Tags
 
Composition
Zealot Archon
Matchup
PvP
Replay Pack
새 폴더
Spawn Locations
Cross Positions
Add a new tag
Caveats
  • Supply blocks, unpowered buildings, or Contaminate may cause inaccurate times.
  • Supply counts are checked every 10 seconds.